 Dungeon Crawl Stone Soup version 0.31-a0-128-g25add195a6 (console) character file.

Game seed: 14806804062289474423

64 petzl the Sneak (level 4, -11/35 HPs)
             Began as a Formicid Delver on June 1, 2023.
             Mangled by Menkaure (12 damage)
             ... in an ossuary.
             The game lasted 00:05:43 (1071 turns).

petzl the Sneak (Formicid Delver)                   Turns: 1071, Time: 00:05:44

Health: -11/35     AC:  3    Str: 17    XL:     4   Next: 32%
Magic:  9/9        EV: 12    Int: 11    God:
Gold:   0          SH:  0    Dex: 15    Spells: 10/10 levels left

rFire   . . .        a - +0 flail
rCold   . . .        (no shield)
rNeg    . . .        b - +0 leather armour
rPois   .            (helmet unavailable)
rElec   .            (no cloak)
rCorr   .            (no gloves)
SInv    +            (no boots)
Will    .....        (no amulet)
Stlth   +++          (no ring)
HPRegen 0.25/turn    (no ring)
MPRegen 0.11/turn

%: no passive effects
@: no status effects
A: permanent stasis, dig shafts and tunnels, antennae 3, four strong arms
a: Dig


You were in an ossuary.
You visited 1 branch of the dungeon, and saw 2 of its levels.
You also visited: Ossuary.

Inventory:

Hand Weapons
 a - a +0 flail (weapon)
 g - a +0 mace
Armour
 b - a +0 leather armour (worn)
Wands
 f - a wand of digging (3)
Scrolls
 d - a scroll of magic mapping
 e - a scroll of fear


   Skills:
 - Level 3.2 Fighting
 - Level 2.0 Maces & Flails
 - Level 1.7 Dodging
 - Level 6.0 Stealth
 + Level 3.6 Spellcasting


You had 10 spell levels left.
You didn't know any spells.
Your spell library was empty.

Dungeon Overview and Level Annotations

Branches:
Dungeon (6/15)            Ossuary (1/1)
 Temple: D:4-7

Altars:

Annotations:
D:5 1 exclusion Ossuary Menkaure


Innate Abilities, Weirdness & Mutations

You cannot be hasted, slowed, berserked, paralysed or teleported.
You can dig through walls and to a lower floor.
You have a pair of large antennae on your head. (SInv)
Your four strong arms can wield two-handed weapons with a shield.


Message History

Unknown command.
As you read the scroll of fog, it crumbles to dust.
The scroll dissolves into smoke.
You start resting.
HP restored.
Menkaure shouts!
Menkaure closely misses you.
You hit Menkaure.
Menkaure is lightly damaged.
Menkaure barely misses you.
You barely miss Menkaure.
Menkaure is lightly damaged.
Menkaure closely misses you.
You hit Menkaure but do no damage.
Menkaure is lightly damaged.
Menkaure blazes with dark energy!
Menkaure hits you!
You hit Menkaure but do no damage.
Menkaure is lightly damaged.
Menkaure misses you.
You hit Menkaure.
Menkaure is moderately damaged.
Menkaure calls on the powers of darkness!
Your body is wracked with pain!
You hit Menkaure but do no damage.
Menkaure is moderately damaged.
Menkaure gestures wildly while chanting.
Menkaure seems to speed up.
You barely miss Menkaure.
Menkaure is moderately damaged.
Menkaure misses you. Menkaure hits you!
* * * LOW HITPOINT WARNING * * *
You hit Menkaure.
Menkaure is heavily damaged.
Menkaure calls on the powers of darkness!
You feel a surge of unholy energy. Menkaure barely misses you.
You hit Menkaure but do no damage.
Menkaure is heavily damaged.
Menkaure hits you!
You die...

###### ##....## ##..##..##
##..####..# ##..######..
##..##....##. ##..##..##..##
##..##..####..#
##..##..######..
##..##..##....##.
##..##..##..##..##
##..##..##..####..#
##..##..##..## ##..
##..##..##M.## ##.
##..##..##..## ##
##..##..##..# # ##..##..##..#
##..##..##..# { ##..##M@##..#
##..##..##...
##..##..####################
##..##..........{§§§§§§§§§..M
##..##########################
#.............................
##############################


You could see Menkaure (fast).

Vanquished Creatures
  2 mummies (Ossuary)
  2 orcs (D:5)
  A gnoll zombie (Ossuary)
  5 gnoll skeletons (Ossuary)
  3 goblin skeletons (Ossuary)
  5 goblin zombies (Ossuary)
  3 hobgoblin skeletons (Ossuary)
  2 hobgoblin zombies (Ossuary)
  3 kobold skeletons (Ossuary)
  4 kobold zombies (Ossuary)
  6 orc skeletons (Ossuary)
  5 orc zombies (Ossuary)
  5 rat skeletons (Ossuary)
  7 rat zombies (Ossuary)
53 creatures vanquished.

Notes
Turn   | Place    | Note
-------+----------+-------------------------------------------
     0 | D:5      | petzl the Formicid Delver began the quest for the Orb.
     0 | D:5      | Reached XP level 1. HP: 18/18 MP: 1/1
     1 | D:6      | Noticed a scorpion
    14 | D:5      | Reached skill level 1 in Spellcasting
    31 | D:5      | Noticed a hound
    62 | D:5      | Found a sand-covered staircase.
    68 | Ossuary  | Entered an ossuary
    91 | Ossuary  | Reached XP level 2. HP: 24/24 MP: 4/4
   384 | Ossuary  | Reached XP level 3. HP: 27/29 MP: 6/6
   810 | Ossuary  | Reached XP level 4. HP: 22/35 MP: 9/9
   909 | Ossuary  | Noticed Menkaure
  1069 | Ossuary  | HP: 1/35 [Menkaure (14)]
  1071 | Ossuary  | Mangled by Menkaure

Illustrated notes

Levels and vault maps discovered:
D:5:      layout_loops_ring, nicolae_ossuary_entry_plus, uniq_eustachio,
          uniq_crazy_yiuf_cottage
D:6:      layout_rooms
Ossuary:  ossuary_due_pyramid

Skill      XL: |  1  2  3 |
---------------+----------+-----
Spellcasting   | 1 2 3 |  3.6
Fighting       | |  3.2
Maces & Flails | |  2.0
Dodging        | |  1.7
Stealth        | |  6.0

Action                     |  1- 3 |  4- 6 || total
---------------------------+-------+-------++-------
  Melee: Flail             |   132 |    16 ||   148
         Mace              |     2 |       ||     2
    Use: Scroll            |       |     1 ||     1
 Armour: Leather armour    |    36 |       ||    36
  Dodge: Dodged            |    73 |    10 ||    83

Table legend: (Time is in decaauts)
 A = Elapsed time spent in this place.
 B = Non-inter-level travel time spent in this place.
 C = Inter-level travel time spent in this place.
 D = Time resting spent in this place.
 E = Time spent auto-exploring this place.
 F = Levels seen in this place.
 G = Mean time per level.
                   A        B        C        D        E       F      G
               +--------+--------+--------+--------+--------+-----+--------+
         Total |   1115 |   1115 |      0 |    226 |     21 |   3 |  371.7 |
       Dungeon |     68 |     68 |      0 |      6 |     21 |   2 |   34.0 |
       Ossuary |   1046 |   1046 |      0 |    220 |      0 |   1 | 1046.0 |
               +--------+--------+--------+--------+--------+-----+--------+

Top non-repeatable levels by time:
 Ossuary: 1046 daAuts
     D:5: 64 daAuts
     D:6: 3 daAuts
